 Dungeon Crawl Stone Soup version 0.29.1-2-gbd0b4ee654 (webtiles) character file.

Game seed: 2811028633459184557

26 Godmorgon the Gusty (level 3, -7/19 HPs)
             Began as a Tengu Air Elementalist on Oct 24, 2022.
             Mangled by Sigmund
             ... wielding a +0 scythe
              (9 damage)
             ... on level 2 of the Dungeon.
             The game lasted 00:02:47 (1340 turns).

Godmorgon the Gusty (Tengu Air Elementalist)        Turns: 1340, Time: 00:02:48

Health: -7/19      AC:  2    Str:  8    XL:     3   Next: 8%
Magic:  5/7        EV: 12    Int: 17    God:
Gold:   75         SH:  0    Dex: 14    Spells: 3/6 levels left

rFire   . . .      SeeInvis .   a - +0 short sword (venom)
rCold   . . .      Faith    .   (no shield)
rNeg    . . .      Spirit   .   h - +0 robe
rPois   .          Reflect  .   (helmet restricted)
rElec   .          Harm     .   (no cloak)
rCorr   .          Rampage  .   (no gloves)
Will    .....                   (boots unavailable)
Stlth   ++........              (no amulet)
HPRegen 0.06/turn               (no ring)
MPRegen 0.10/turn               (no ring)

@: no status effects
A: beak, talons 3
a: no special abilities


You were on level 2 of the Dungeon.
You visited 1 branch of the dungeon, and saw 2 of its levels.

You collected 75 gold pieces.

Inventory:

Hand Weapons
 a - a +0 short sword of venom (weapon)
Missiles
 d - 5 poisoned darts (quivered)
Armour
 h - a +0 robe (worn)
Scrolls
 c - a scroll of vulnerability {unknown}
 e - a scroll of butterflies {unknown}
 f - 2 scrolls of identify {unknown}
 j - a scroll of teleportation {unknown}
Potions
 b - a potion of magic
 g - a potion of lignification {unknown}
 i - a potion of ambrosia {unknown}


   Skills:
 * Level 0.8 Short Blades
 - Level 2.1 Dodging
 - Level 2.0 Stealth
 + Level 2.3 Spellcasting
 + Level 2.2 Conjurations
 * Level 4.7 Air Magic


You had 3 spell levels left.
You knew the following spells:

 Your Spells              Type           Power      Damage    Failure   Level
d - Static Discharge      Conj/Air       13%        3-5/arc   7%          2
s - Shock                 Conj/Air       52%        1d6       4%          1

Your spell library contained the following spells:

 Spells                   Type           Power      Damage    Failure   Level
 Magic Dart               Conj           36%        1d4       8%          1
 Swiftness                Air            17%        N/A       9%          3
 Searing Ray              Conj           18%        2d5       12%         2
 Airstrike                Air            8%         2d(2-18)  26%         4
 Fulminant Prism          Conj/Hex       2%         3d6       75%         4


Dungeon Overview and Level Annotations

Branches:
Dungeon (2/15)

Altars:
Zin

Annotations:
D:2 Sigmund


Innate Abilities, Weirdness & Mutations

You have a beak for a mouth.
You have claws for feet.


Message History

The hobgoblin barely misses you.
Casting: Shock (safe; 4% risk of failure)
Confirm with . or Enter, or press ? or * to list all spells.
You miscast Static Discharge.
You are very lightly contaminated with residual magic.
Nothing appears to happen.
The hobgoblin misses you.
Casting: Static Discharge (safe; 7% risk of failure)
Confirm with . or Enter, or press ? or * to list all spells.
The hobgoblin is struck by an arc of lightning!
You kill the hobgoblin!
The giant cockroach is struck by an arc of lightning!
You kill the giant cockroach!
Your magical contamination has completely faded away.
You open the door.
There is an open door here.
Found a glowing silver altar of Zin.
You now have 75 gold pieces (gained 13).
Found a stone staircase leading down.
There is a stone staircase leading down here.
There is a stone staircase leading down here.
You open the door.
Sigmund the Dreaded comes into view.
He is wielding a +0 scythe.
Sigmund gestures at you while chanting. The magic dart hits you.
Found a spear.
Sigmund points at you and mumbles some strange words.
The magic dart hits you!
There is an open door here.
Casting: Static Discharge (safe; 7% risk of failure)
Confirm with . or Enter, or press ? or * to list all spells.
Sigmund is struck by an arc of lightning.
Sigmund is moderately wounded.
You are struck by an arc of lightning.
* * * LOW HITPOINT WARNING * * *
Sigmund is struck by an arc of lightning!
Sigmund is heavily wounded.
You are struck by an arc of lightning.
* * * LOW HITPOINT WARNING * * *
The lightning grounds out.
Sigmund hits you with a +0 scythe!
You die...

..#....[........####.#
#.........#..........#
...#####.#....#######
..# ###.#.....#
..##...#...#.#######
#.#..###...+........
#.#.## #...#...####.
#..># #...#...# #.
###@# #...#...# #.
........@.##...#...#
#.
..........###+##...#
#.
........)..........#
#.
#######...........##
#. #...........# #.
#...........# #.
#...........# #.
........# #.


You could see Sigmund.

Vanquished Creatures
  A worm (D:2)
  A dart slug (D:1)
  A ball python (D:1)
  4 endoplasms (D:1)
  A giant cockroach (D:2)
  A goblin (D:1)
  A hobgoblin (D:2)
  5 kobolds
  A quokka (D:1)
  A rat (D:1)
17 creatures vanquished.

Notes
Turn   | Place    | Note
-------+----------+-------------------------------------------
     0 | D:1      | Godmorgon the Tengu Air Elementalist began the quest for
                  | the Orb.
     0 | D:1      | Reached XP level 1. HP: 10/10 MP: 4/4
   223 | D:1      | Reached XP level 2. HP: 15/15 MP: 3/6
   226 | D:1      | Learned a level 2 spell: Static Discharge
  1075 | D:2      | Reached XP level 3. HP: 19/19 MP: 2/7
  1227 | D:2      | Found a glowing silver altar of Zin.
  1338 | D:2      | Noticed Sigmund
  1340 | D:2      | Mangled by Sigmund

Illustrated notes

Levels and vault maps discovered:
D:1:      arrival_zaba_pyramid, layout_loops_ring
D:2:      layout_basic, basic_altar, ebering_ecumenical_altar_sacrificial,
          uniq_robin, uniq_terence, uniq_sigmund

Skill      XL: |  1  2 |
---------------+-------+-----
Conjurations   | 2 |  2.2
Short Blades   | |  0.8
Dodging        | |  2.1
Stealth        | |  2.0
Spellcasting   | |  2.3
Air Magic      | |  4.7

Action                   || total
-------------------------++-------
Melee: Short sword       ||     6
       Kick              ||     2
       Peck              ||     1
Throw: Dart              ||     2
 Cast: Shock             ||    31
       Static Discharge  ||     2
Dodge: Dodged            ||     4
